 Dungeon Crawl Stone Soup version 0.31-a0-1612-g4aaf141004 (webtiles) character file.

Game seed: 15518463957447100552

10046 AlmostDecent the Cleaver (level 11, 0/81 (84) HPs)
             Began as a Demonspawn Berserker on Jan 10, 2024.
             Was an Elder of Trog.
             Slain by a sixfirhy (9 damage)
             ... in a Gauntlet.
             The game lasted 00:33:30 (9194 turns).

AlmostDecent the Cleaver (Demonspawn Berserker)     Turns: 9194, Time: 00:33:30

HP:   0/81 (84)     AC: 15    Str: 27    XL:     11   Next: 31%
MP:   0/11          EV: 12    Int:  8    God:    Trog [****..]
Gold: 584           SH:  0    Dex: 13    Spells: 10/10 levels left

rFire   . . .        d - +3 battleaxe
rCold   . . .        (shield currently unavailable)
rNeg    . . .        t - +0 chain mail
rPois   .            D - +2 hat
rElec   .            g - +0 cloak
rCorr   .            s - +1 pair of gloves
SInv    +            (boots unavailable)
Will    ++...        c - amulet of guardian spirit
Stlth   +            k - ring of see invisible
HPRegen 1.33/turn    p - +6 ring of strength
MPRegen 0.12/turn

%: no teleportation, guardian spirit
@: mighty, strong-willed (expiring), on berserk cooldown, regenerating
(expiring), slowed, lightly drained, very slow
A: hooves 3, ignite blood 1, powered by pain 1, sturdy frame 3
a: Renounce Religion, Berserk, Trog's Hand, Brothers in Arms


You were in a Gauntlet.
You worshipped Trog.
Trog was greatly pleased with you.
You visited 1 branch of the dungeon, and saw 11 of its levels.
You also visited: Ossuary and Gauntlet.

You collected 584 gold pieces.

Inventory:

Hand Weapons
 d - a +3 battleaxe (weapon)
 r - a +2 hand axe of venom
 C - a +0 war axe
 F - a +0 broad axe
Armour
 g - a +0 cloak (worn)
 s - a +1 pair of gloves (worn)
 t - a +0 chain mail (worn)
 y - a +0 pair of boots
 D - a +2 hat (worn)
Jewellery
 c - an amulet of guardian spirit (around neck)
 i - a ring of resist corrosion
 k - a ring of see invisible (left hand)
 p - a +6 ring of strength (right hand)
 v - a ring of positive energy
 G - a ring of willpower
Talismans
 x - a granite talisman
Wands
 n - a wand of roots (35)
 u - a wand of flame (22)
 B - a wand of polymorph (8)
 E - a wand of paralysis (6)
Scrolls
 a - 2 scrolls of enchant weapon
 b - a scroll of immolation
 e - 2 scrolls of poison
 j - 3 scrolls of enchant armour
Potions
 f - a potion of mutation
 m - a potion of curing {unknown}
 o - a potion of resistance {unknown}
 q - a potion of haste {unknown}
 w - a potion of might
 z - a potion of brilliance {unknown}
 A - 2 potions of degeneration {unknown}


   Skills:
 + Level 7.0 Fighting
 * Level 13.3 Axes
 + Level 6.3 Armour
 + Level 5.0 Dodging
 + Level 2.0 Stealth


You had 10 spell levels left.
You didn't know any spells.
Your spell library was empty.

Dungeon Overview and Level Annotations

Branches:
Dungeon (11/15)            Temple (0/1) D:5            Lair (0/5) D:11
Ossuary (visited)         Gauntlet (1/1)
    Orc: D:9-12

Altars:
Cheibriados
Dithmenos
Fedhas
Gozag
Qazlal
Ru
Trog
Uskayaw
Vehumet
Wu Jian
Xom

Shops:
D:1 (   D:5 =   D:8 *   D:10 =

Annotations:
Gauntlet 11 transporters, exclusion: obsidian statue


Innate Abilities, Weirdness & Mutations

You have hooves in place of feet.
Your demonic aura sometimes causes spilled blood to erupt in flames.
You sometimes gain a little power by taking damage.
Your movements are significantly less encumbered by armour. (ER -6)


Message History

The sixfirhy enters a dispersal trap!
You blink.
The sixfirhy blinks!
The sixfirhy closely misses you.
The sixfirhy hits you but does no damage.
The sixfirhy enters a dispersal trap!
You blink.
The sixfirhy blinks!
You miss the sixfirhy. Your kick misses the sixfirhy.
You closely miss the sixfirhy. Your kick misses the sixfirhy.
The sixfirhy enters a dispersal trap!
The sixfirhy blinks!
You blink.
The sixfirhy blinks!
The sixfirhy hits you but does no damage.
The sixfirhy hits you! The sixfirhy shocks you! The sixfirhy hits you.
The sixfirhy shocks you!
The sixfirhy hits you but does no damage.
You closely miss the sixfirhy.
The sixfirhy hits you but does no damage.
You slice the sixfirhy!!
The sixfirhy is heavily wounded.
The sixfirhy barely misses you.
The sixfirhy hits you but does no damage.
The sixfirhy barely misses you.
You miss the sixfirhy. You kick the sixfirhy!
The sixfirhy is severely wounded.
The sixfirhy barely misses you. The sixfirhy hits you. The sixfirhy shocks you!
The sixfirhy hits you but does no damage. x3
You closely miss the sixfirhy.
The sixfirhy is severely wounded.
You miss the sixfirhy.
The sixfirhy is severely wounded.
You feel the effects of Trog's Hand fading.
The sixfirhy misses you.
The sixfirhy hits you but does no damage. x2
The sixfirhy hits you! The sixfirhy shocks you!
You focus on the pain.
You feel your power returning. The sixfirhy hits you!
* * * LOW HITPOINT WARNING * * *
The sixfirhy shocks you!
* * * LOW HITPOINT WARNING * * *
You feel very mighty all of a sudden. The sixfirhy hits you!
* * * LOW HITPOINT WARNING * * *
The sixfirhy shocks you!
You die...

#.8x#####$.##.##..#...##
.^.*#...#.#.....#.#.∩.≈#
#####...#.........#...##
........###########...≈#
8.....................##
.......8.....8.....8.##
######...............≈#
....y#...#########...##
..##.#...#[.#.##@#...§#
.#.#.#######..#3##..§##
.##..#...##.##.3##..§§#
©.#..#©8©#©.#©##.#©8.##
.##..#...###.^#.##...≈#
#.#.######.##..##...##
.##.#...#($#.##.#...≈#
.. ..#...#########...##
#...............≈#


You could see 2 sixfirhies.

Vanquished Creatures
  Gastronok (D:8)
  Erica (D:8)
  4 two-headed ogres
  A manticore (D:9)
  A gargoyle (D:10)
  A hornet (D:8)
  4 yaks
  A steam dragon (D:8)
  3 acid dragons
  A water moccasin (D:8)
  An orc warrior (D:10)
  A black bear (D:4)
  An ice beast (D:7)
  A laughing skull (D:11)
  2 ogres
  2 centaurs
  3 phantoms
  2 elf zombies (Ossuary)
  A weeping skull (Ossuary)
  A brain worm (D:5)
  3 kobold brigands
  A bullfrog (D:8)
  3 scorpions
  A wight (D:8)
  7 killer bees
  6 howler monkeys (D:9)
  3 centaur zombies (Ossuary)
  6 hounds
  5 jellies
  3 orc priests
  A spectral scorpion (Ossuary)
  A bombardier beetle (D:6)
  A gnoll bouda (D:10)
  A sleepcap (D:6)
  5 iguanas
  4 orc wizards
  A crocodile zombie (Ossuary)
  A hound zombie (Ossuary)
  3 mummies (Ossuary)
  4 adders
  6 gnolls
  A shadow imp (D:5)
  2 ufetubi (D:5)
  4 adder zombies (Ossuary)
  6 dart slugs
  4 ribbon worms
  20 orcs
  7 ball pythons
  7 endoplasms
  5 giant cockroaches
  44 goblins
  25 hobgoblins
  2 jackals (D:5)
  5 quokkas
  5 ball python zombies (Ossuary)
  3 bats (D:1)
  A frilled lizard (D:3)
  3 jackal zombies (Ossuary)
  20 kobolds
  7 kobold zombies (Ossuary)
  3 orc zombies (Ossuary)
  4 rats
  A butterfly (D:5)
278 creatures vanquished.

Vanquished Creatures (collateral kills)
  Joseph (D:7)
  2 yaks (D:7)
  A howler monkey (D:9)
  A white imp (D:7)
5 creatures vanquished.

Grand Total: 283 creatures vanquished

Notes
Turn   | Place    | Note
-------+----------+-------------------------------------------
     0 | D:1      | AlmostDecent the Demonspawn Berserker began the quest for
                  | the Orb.
     0 | D:1      | Reached XP level 1. HP: 18/18 MP: 1/1
   211 | D:1      | Gained mutation: Your movements are slightly less
                  | encumbered by armour. (ER -2) [demonic ancestry]
   211 | D:1      | Reached XP level 2. HP: 24/24 MP: 2/2
   225 | D:1      | Reached skill level 3 in Axes
   364 | D:1      | Found Qiuduggic's Antique Weapon Emporium.
   413 | D:1      | Reached ** piety under Trog
   414 | D:1      | Gained mutation: You sometimes gain a little power by
                  | taking damage. [demonic ancestry]
   414 | D:1      | Reached XP level 3. HP: 25/29 MP: 3/3
  1618 | D:3      | Gained mutation: Your demonic aura sometimes causes spilled
                  | blood to erupt in flames. [demonic ancestry]
  1618 | D:3      | Reached XP level 4. HP: 35/35 MP: 4/4
  1963 | D:3      | Reached skill level 4 in Axes
  2022 | D:3      | Reached *** piety under Trog
  2202 | D:3      | Reached XP level 5. HP: 41/41 MP: 5/5
  2417 | D:3      | Reached **** piety under Trog
  2806 | D:4      | Reached skill level 5 in Axes
  2992 | D:4      | Noticed a black bear
  3004 | D:4      | Killed a black bear
  3005 | D:4      | Gained mutation: Your movements are less encumbered by
                  | armour. (ER -4) [demonic ancestry]
  3005 | D:4      | Reached XP level 6. HP: 48/48 MP: 3/6
  3373 | D:4      | Reached skill level 6 in Axes
  3418 | D:4      | Gained mutation: You have large cloven feet. [demonic
                  | ancestry]
  3418 | D:4      | Reached XP level 7. HP: 36/54 MP: 4/7
  3646 | D:5      | Entered Level 5 of the Dungeon
  3723 | D:5      | Reached skill level 7 in Axes
  3800 | D:5      | Found a staircase to the Ecumenical Temple.
  3825 | D:5      | Gained mutation: Your movements are significantly less
                  | encumbered by armour. (ER -6) [demonic ancestry]
  3825 | D:5      | Reached XP level 8. HP: 61/61 MP: 8/8
  3890 | D:5      | Found a shimmering altar of Xom.
  3897 | D:5      | Reached skill level 1 in Stealth
  3924 | D:5      | Found a sacrificial altar of Ru.
  4081 | D:5      | Found Uczawotu's Jewellery Emporium.
  4130 | D:5      | Found an ornate altar of the Wu Jian Council.
  4402 | D:6      | Found a sand-covered staircase.
  4406 | Ossuary  | Entered an ossuary
  4431 | Ossuary  | Reached ***** piety under Trog
  4491 | Ossuary  | Reached skill level 5 in Fighting
  4510 | Ossuary  | Reached skill level 8 in Axes
  5284 | D:6      | Reached XP level 9. HP: 68/68 MP: 9/9
  5855 | D:7      | Reached skill level 9 in Axes
  6041 | D:7      | Found a hide-covered altar of Uskayaw.
  6061 | D:7      | Noticed Joseph
  6072 | D:7      | Killed Joseph
  6194 | D:7      | Reached skill level 10 in Axes
  6656 | D:7      | Found a faded altar of an unknown god.
  6656 | D:7      | Found a faded altar of an unknown god.
  6662 | D:7      | Found a snail-covered altar of Cheibriados.
  6664 | D:7      | Found a shadowy altar of Dithmenos.
  6666 | D:7      | Found a bloodstained altar of Trog.
  6871 | D:8      | Noticed Gastronok
  6881 | D:8      | Reached skill level 5 in Armour
  6899 | D:8      | Killed Gastronok
  6900 | D:8      | Reached skill level 11 in Axes
  6900 | D:8      | Gained mutation: You have hoof-like feet. [demonic
                  | ancestry]
  6900 | D:8      | Reached XP level 10. HP: 35/76 MP: 1/10
  7052 | D:8      | Found an opulent altar of Gozag.
  7093 | D:8      | Noticed a two-headed ogre
  7100 | D:8      | Killed a two-headed ogre
  7276 | D:8      | Found a radiant altar of Vehumet.
  7315 | D:8      | Found a stormy altar of Qazlal.
  7463 | D:8      | Noticed Erica
  7484 | D:8      | Killed Erica
  7622 | D:8      | Found Diecim's Overcharged Wands.
  7702 | D:8      | Found a blossoming altar of Fedhas.
  7806 | D:9      | Reached skill level 12 in Axes
  7821 | D:9      | Noticed a two-headed ogre
  7822 | D:9      | Noticed a two-headed ogre
  7822 | D:9      | Noticed a manticore
  7835 | D:9      | Killed a two-headed ogre
  7837 | D:9      | Killed a two-headed ogre
  7838 | D:9      | HP: 2/77 [manticore (10)]
  7840 | D:9      | Killed a manticore
  7841 | D:9      | Gained mutation: You have hooves in place of feet. [demonic
                  | ancestry]
  7841 | D:9      | Reached XP level 11. HP: 32/83 MP: 0/11
  8422 | D:10     | Entered Level 10 of the Dungeon
  8486 | D:10     | Identified the +1 robe of Duogiapp {rN+ Dex+3}
  8596 | D:10     | Identified the +2 long sword of Propriety {venom, rN++
                  | Will+ Int+2}
  8609 | D:10     | Reached skill level 13 in Axes
  8663 | D:10     | Noticed a two-headed ogre
  8667 | D:10     | Killed a two-headed ogre
  8701 | D:10     | Found Veradix's Jewellery Emporium.
  8781 | D:11     | Noticed a five-headed hydra
  8827 | D:11     | Reached skill level 5 in Dodging
  8963 | D:11     | Found a shadowy altar of Dithmenos.
  8983 | D:11     | Found a gate leading to a gauntlet.
  8992 | Gauntlet | Entered a Gauntlet
  8992 | Gauntlet | Found a transporter.
  8999 | Gauntlet | Noticed a sixfirhy
  9001 | Gauntlet | Found a transporter.
  9001 | Gauntlet | Noticed a sixfirhy
  9003 | Gauntlet | Found a transporter.
  9004 | Gauntlet | Found the +0 pair of fencer's gloves {Riposte Dex+3}
  9006 | Gauntlet | Found a transporter.
  9007 | Gauntlet | Found a transporter.
  9008 | Gauntlet | Found a transporter.
  9008 | Gauntlet | Noticed an obsidian statue
  9010 | Gauntlet | Noticed a wretched star
  9016 | Gauntlet | Found a transporter.
  9018 | Gauntlet | Found a transporter.
  9052 | Gauntlet | Noticed a wolf spider
  9054 | Gauntlet | Noticed an entropy weaver
  9059 | Gauntlet | Found a transporter.
  9059 | Gauntlet | Found a transporter.
  9089 | Gauntlet | Found a transporter.
  9090 | Gauntlet | Noticed a hell beast
  9098 | Gauntlet | Found a transporter.
  9194 | Gauntlet | Slain by a sixfirhy

Illustrated notes

Levels and vault maps discovered:
D:1:      dpeg_arrival_shrine, layout_rooms, serial_shops, shop,
          serial_bayou_pond_b, minmay_door_square
D:2:      layout_loops_ring, st_stairs_8, minmay_pentomino_pile
D:3:      minmay_goblin_kobold_castle, layout_basic, elyvilon_altar_3
D:4:      minmay_skewed_foursquare, layout_basic, hangedman_abyss_or_decor_stabs
D:5:      layout_rooms, nzn_wu_jian_council_hall, xom_butterflies,
          mainiacjoe_overflow_boulevard, minmay_temple_entry_junction,
          serial_shops, nicolae_shop_waterfront
D:6:      layout_layer_cave, nicolae_ossuary_entry_plus
D:7:      layout_cave_pods, nicolae_uskayaw_dance_hall,
          chequers_temple_overflow_minitemple, uniq_joseph
D:8:      layout_rooms, fedhas_altar_4, mainiacjoe_overflow_small_starburst,
          nicolae_overflow_crystal_walls, marbit_many_paths,
          nicolae_shop_overcharged_wands, uniq_erica, uniq_gastronok
D:9:      layout_rooms
D:10:     layout_roguey, serial_shops, kennysheep_mini
D:11:     layout_big_octagon, dpeg_oklobed_lair, gauntlet_entry_generic,
          nicolae_dithmenos_the_darkroom, uniq_psyche
Gauntlet: minmay_gauntlet_mixed_oops_all_seconds
          [minmay_gauntlet_arena_77_checkered, nicolae_gauntlet_arena_blocks,
          minmay_gauntlet_arena_77_tiled_triplets,
          nicolae_gauntlet_arena_quarters, minmay_gauntlet_arena_77_museum,
          gammafunk_gauntlet_arena_corners, dreamdust_gauntlet_exit_labyrinth]

Skill      XL: |  1  2  3  4  5  6  7  8  9 10 11 |
---------------+----------------------------------+-----
Axes           | 3 4 5 6 7 8 11 12 13 | 13.3
Armour         | 2 3 4 5 6 |  6.3
Dodging        | 2 3 4 5 |  5.0
Fighting       | 4 5 6 7 |  7.0
Stealth        | 1 2 |  2.0

Action                     |  1- 3 |  4- 6 |  7- 9 | 10-12 || total
---------------------------+-------+-------+-------+-------++-------
  Melee: Hand axe          |   157 |   226 |   304 |    20 ||   707
         Punch             |       |     2 |     3 |       ||     5
         Kick              |       |       |    88 |    16 ||   104
         Battleaxe         |       |       |       |    93 ||    93
 Invoke: Berserk           |     1 |     4 |     4 |     7 ||    16
         Trog's Hand       |       |       |     2 |     4 ||     6
         Brothers in Arms  |       |       |     1 |     2 ||     3
    Use: Scroll            |       |     1 |    11 |     8 ||    20
         Potion            |       |       |     1 |     6 ||     7
   Stab: Invisible         |       |       |       |     1 ||     1
 Armour: Scale mail        |    78 |   143 |       |       ||   221
         Animal skin       |     1 |       |       |       ||     1
         Chain mail        |       |    21 |   184 |   131 ||   336
  Dodge: Dodged            |    93 |   138 |   158 |   102 ||   491

Table legend: (Time is in decaauts)
 A = Elapsed time spent in this place.
 B = Non-inter-level travel time spent in this place.
 C = Inter-level travel time spent in this place.
 D = Time resting spent in this place.
 E = Time spent auto-exploring this place.
 F = Levels seen in this place.
 G = Mean time per level.
                   A        B        C        D        E       F      G
               +--------+--------+--------+--------+--------+-----+--------+
         Total |   9361 |   9073 |    288 |    156 |   6876 |  13 |  720.1 |
       Dungeon |   8739 |   8451 |    288 |    156 |   6630 |  11 |  794.5 |
       Ossuary |    416 |    416 |      0 |      0 |    246 |   1 |  416.0 |
      Gauntlet |    205 |    205 |      0 |      0 |      0 |   1 |  205.0 |
               +--------+--------+--------+--------+--------+-----+--------+

Top non-repeatable levels by time:
     D:6: 1147 daAuts
     D:8: 1093 daAuts
     D:3: 1069 daAuts
     D:4: 1054 daAuts
     D:7: 997 daAuts
     D:2: 849 daAuts
     D:1: 757 daAuts
     D:9: 639 daAuts
     D:5: 531 daAuts
 Ossuary: 416 daAuts
    D:10: 403 daAuts
Gauntlet: 205 daAuts
    D:11: 197 daAuts
